 Dungeon Sprint DCSS version 0.26-a0-690-gcb57259078 (webtiles) character file.

Game seed: 12214678133588693368

445 Jannitor the Skirmisher (level 6, -3/56 HPs)
             Began as a Demonspawn Fighter on Oct 24, 2020.
             Was a Believer of Makhleb.
             Killed from afar by an efreet (18 damage)
             ... with a fireball
             ... in the Dungeon (Sprint IX: "|||||||||||||||||||||||||||||").
             The game lasted 00:01:47 (715 turns).

Jannitor the Skirmisher (Demonspawn Fighter)         Turns: 715, Time: 00:01:48

Health: -3/56      AC: 14    Str: 19    XL:     6   Next: 72%
Magic:  6/6        EV:  9    Int: 15    God:    Makhleb [**....]
Gold:   0          SH:  0    Dex: 12    Spells: 5/5 levels left

rFire    . . .     SeeInvis .   l - +2 dire flail (vorpal)
rCold    + . .     Faith    .   (shield currently unavailable)
rNeg     . . .     Spirit   .   o - +1 chain mail
rPois    .         Reflect  .   n - +0 helmet
rElec    .         Harm     .   (no cloak)
rCorr    .         Rampage  .   m - +0 pair of gloves
MR       .....     NoTele   +   (no boots)
Stlth    ..........             (no amulet)
HPRegen  0.18/turn              p - +3 ring of intelligence
MPRegen  0.10/turn              q - +3 ring of intelligence

@: very slightly contaminated, invisible
A: cold resistance 1, spiny 1
a: Minor Destruction, Renounce Religion


You were in the Dungeon.
You worshipped Makhleb.
Makhleb was pleased with you.
You visited 1 branch

Inventory:

Hand Weapons
 a - a +0 flail
 l - a +2 vorpal dire flail (weapon)
Armour
 b - a +0 scale mail
 c - a +0 kite shield
 m - a +0 pair of gloves (worn)
 n - a +0 helmet (worn)
 o - a +1 chain mail (worn)
Jewellery
 p - a +3 ring of intelligence (left hand)
 q - a +3 ring of intelligence (right hand)
Wands
 k - a wand of iceblast (10)
Scrolls
 g - 3 scrolls of remove curse
 i - 2 scrolls of amnesia
 j - 2 scrolls of blinking
Potions
 f - 3 potions of curing
 h - 4 potions of magic


   Skills:
 + Level 7.9 Fighting
 + Level 6.9 Maces & Flails
 + Level 7.2 Armour
 + Level 3.5 Dodging
 - Level 6.0 Shields


You had 5 spell levels left.
You didn't know any spells.
Your spell library was empty.

Dungeon Overview and Level Annotations

Branches:
Dungeon (1/1)

Altars:
Cheibriados
Dithmenos
Elyvilon
Fedhas
Gozag
Hepliaklqana
Kikubaaqudgha
Makhleb
Nemelex Xobeh
Okawaru
Qazlal
Ru
Sif Muna
Trog
Uskayaw
Vehumet
Wu Jian
Xom
Yredelemnul
Zin
The Shining One
Beogh
Jiyva
Lugonu


Innate Abilities, Weirdness & Mutations

Your flesh is cold resistant. (rC+)
You are partially covered in sharp spines.


Message History

You feel much better.
The efreet hits you with a +1 scimitar of flaming!
The efreet burns you!
You puncture the efreet!
The efreet is heavily wounded.
You sock the efreet!
The efreet is almost dead.
The efreet gestures at you. The bolt of fire hits you!
* * * LOW HITPOINT WARNING * * *
You feel much better. The efreet gestures at you.
The fireball explodes!
The fireball engulfs you!!
* * * LOW HITPOINT WARNING * * *
The fireball engulfs the efreet.
The efreet completely resists.
You barely miss the efreet.
The efreet is almost dead.
The efreet gestures at you.
The fireball explodes!
The fireball engulfs you!!
You die... ▓▓▓▓▓▓▓▓▓▓▓▓▓▓▓▓▓▓▓▓▓▓▓▓ '..).....(')÷...@RuCBZZ. ▓▓▓▓▓▓▓▓▓▓▓▓▓▓▓▓▓▓▓▓▓▓▓▓

You could see a white ugly thing, a cyclops, an efreet, a worker ant, a jackal zombie and a giant cockroach zombie.

Vanquished Creatures
  A sky beast (D)
  A phantom (D)
  A centaur (D)
  A big kobold (D)
  2 hounds (D)
  A worker ant (D)
  2 adders (D)
  An adder zombie (D)
  A dart slug (D)
  A goblin (D)
  A jackal (D)
  A bat (D)
  A kobold (D)
  A leopard gecko skeleton (D)
16 creatures vanquished.

Notes
Turn   | Place    | Note
-------+----------+-------------------------------------------
     0 | D        | Jannitor the Demonspawn Fighter began the quest for the
                  | Orb.
     0 | D        | Reached XP level 1. HP: 18/18 MP: 1/1
    84 | D        | Noticed a phantom
    84 | D        | Noticed a worker ant
    84 | D        | Noticed a sky beast
    91 | D        | Gained mutation: You are partially covered in sharp spines.
                  | [demonic ancestry]
    91 | D        | Reached XP level 2. HP: 21/25 MP: 2/2
    98 | D        | Killed a phantom
    98 | D        | Reached skill level 5 in Fighting
    98 | D        | Reached XP level 3. HP: 16/33 MP: 3/3
    98 | D        | Reached XP level 4. HP: 19/39 MP: 4/4
   105 | D        | Reached skill level 5 in Armour
   105 | D        | Reached skill level 5 in Shields
   113 | D        | HP: 2/40 [something (6)]
   116 | D        | Killed a sky beast
   116 | D        | Reached skill level 5 in Maces & Flails
   116 | D        | Gained mutation: Your flesh is cold resistant. (rC+)
                  | [demonic ancestry]
   116 | D        | Reached XP level 5. HP: 10/47 MP: 5/5
   367 | D        | Found a roughly hewn altar of Beogh.
   367 | D        | Found a snail-covered altar of Cheibriados.
   367 | D        | Found a shadowy altar of Dithmenos.
   367 | D        | Found a white marble altar of Elyvilon.
   367 | D        | Found a blossoming altar of Fedhas.
   367 | D        | Found an opulent altar of Gozag.
   368 | D        | Found a hazy altar of Hepliaklqana.
   369 | D        | Found a viscous altar of Jiyva.
   370 | D        | Found an ancient bone altar of Kikubaaqudgha.
   371 | D        | Found a corrupted altar of Lugonu.
   372 | D        | Found a burning altar of Makhleb.
   373 | D        | Found a sparkling altar of Nemelex Xobeh.
   374 | D        | Found an iron altar of Okawaru.
   375 | D        | Found a stormy altar of Qazlal.
   376 | D        | Found a sacrificial altar of Ru.
   377 | D        | Found a shimmering blue altar of Sif Muna.
   378 | D        | Found a bloodstained altar of Trog.
   379 | D        | Found a hide-covered altar of Uskayaw.
   380 | D        | Became a worshipper of Makhleb the Destroyer
   381 | D        | Found a radiant altar of Vehumet.
   382 | D        | Found an ornate altar of the Wu Jian Council.
   383 | D        | Found a shimmering altar of Xom.
   384 | D        | Found a basalt altar of Yredelemnul.
   385 | D        | Found a glowing silver altar of Zin.
   386 | D        | Found a glowing golden altar of the Shining One.
   442 | D        | Noticed a centaur
   449 | D        | Killed a centaur
   449 | D        | Reached XP level 6. HP: 46/55 MP: 6/6
   457 | D        | Reached * piety under Makhleb
   473 | D        | Reached ** piety under Makhleb
   706 | D        | Noticed an efreet
   706 | D        | Noticed a white ugly thing
   706 | D        | Noticed a cyclops
   715 | D        | Killed from afar by an efreet

Illustrated notes

Levels and vault maps discovered:
D:        linesprint [early_d, line_temple, items_1, d_10, items_2, lair_1,
          lair_end, items_3, orc_1, orc_end, items_4, d_15, swamp_1, shoals_1,
          snake_1, spider_1, d_20, vaults_1, items_5, swamp_end, shoals_end,
          snake_end, spider_end, vaults_end, d_27, items_6, zot_1, zot_end,
          crypt_end, forest_end, elf_end, slime_end, tomb_end, abyss_end,
          pan_hell_end]

Skill      XL: |  1  2  3  4  5  6 |
---------------+-------------------+-----
Maces & Flails | 2 4 5 6 |  6.9
Armour         | 3 4 6 7 |  7.2
Shields        | 3 4 6 |  6.0
Fighting       | 5 6 7 |  7.9
Dodging        | 2 3 |  3.5

Action                   |  1- 3 |  4- 6 || total
-------------------------+-------+-------++-------
Melee: Flail             |    24 |    15 ||    39
       Dire flail        |       |    34 ||    34
  Use: Potion            |     1 |     8 ||     9
 Stab: Invisible         |       |     1 ||     1
Armor: Scale mail        |     8 |    12 ||    20
       Chain mail        |       |    15 ||    15
Dodge: Dodged            |     3 |    14 ||    17
Block: Kite shield       |    10 |     4 ||    14

Table legend: (Time is in decaauts)
 A = Elapsed time spent in this place.
 B = Non-inter-level travel time spent in this place.
 C = Inter-level travel time spent in this place.
 D = Time resting spent in this place.
 E = Time spent auto-exploring this place.
 F = Levels seen in this place.
 G = Mean time per level.
                   A        B        C        D        E       F      G
               +--------+--------+--------+--------+--------+-----+--------+
         Total |    717 |    717 |      0 |    465 |     70 |   1 |  717.0 |
       Dungeon |    717 |    717 |      0 |    465 |     70 |   1 |  717.0 |
               +--------+--------+--------+--------+--------+-----+--------+

Top non-repeatable levels by time:
       D: 717 daAuts
